 Dungeon Crawl Stone Soup version 0.22-a0-608-g8a62e23f9f (webtiles) character file.

3111 MiK0 the Cudgeler (level 9, -4/89 HPs)
             Began as a Troll Berserker on July 5, 2018.
             Was a High Priest of Trog.
             Slain by a slime creature (11 damage)
             ... on level 6 of the Dungeon on July 9, 2018.
             The game lasted 00:34:48 (7632 turns).

MiK0 the Cudgeler (Troll Berserker)                 Turns: 7632, Time: 00:34:49

Health: -4/89      AC:  7    Str: 30    XL:     9   Next: 60%
Magic:  0/8        EV: 12    Int:  3    God:    Trog [*****.]
Gold:   272        SH:  0    Dex:  9    Spells: 8/8 levels left

rFire    . . .     SeeInvis .   g - +3 flail (drain)
rCold    + . .     Gourm    +   (no shield)
rNeg     . . .     Faith    .   w - +2 animal skin
rPois    .         Spirit   +   (helmet restricted)
rElec    .         Reflect  .   (no cloak)
rCorr    .         Harm     .   (gloves unavailable)
MR       .....                  (boots unavailable)
Stlth    ++........             m - amulet of guardian spirit
HPRegen  0.64/turn              v - ring of stealth
MPRegen  0.11/turn              x - ring of protection from cold

@: about to teleport
A: large, unfitting armour, claws 3, fast metabolism 3, gourmand, regeneration
1, shaggy fur 1, tough skin 2
a: Berserk, Trog's Hand, Brothers in Arms, Renounce Religion


You were on level 6 of the Dungeon.
You worshipped Trog.
Trog was extremely pleased with you.
You were full.

You visited 2 branches of the dungeon, and saw 7 of its levels.
You also visited: Ossuary.

You collected 272 gold pieces.

Inventory:

Hand Weapons
 a - a +0 mace
 g - a +3 flail of draining (weapon)
 h - a +9 club
Armour
 w - a +2 animal skin (worn)
Jewellery
 m - an amulet of guardian spirit (around neck)
 v - a ring of stealth (left claw)
 x - a ring of protection from cold (right claw)
Wands
 s - a wand of paralysis (11)
 u - a wand of disintegration (7)
 G - a wand of random effects (27)
 H - a wand of iceblast (10)
Scrolls
 b - 3 scrolls of blinking {unknown}
 e - 4 scrolls of teleportation
 f - a scroll of fog {unknown}
 k - a scroll of magic mapping {unknown}
 l - 2 scrolls of enchant weapon
 o - 2 scrolls of remove curse
 p - 3 scrolls of amnesia {unknown}
 q - 2 scrolls of immolation
 t - 3 scrolls of enchant armour
 y - a scroll of noise {unknown}
 E - 2 scrolls of identify
Potions
 d - 6 potions of curing
 i - a potion of flight {unknown}
 j - 3 potions of might
 n - 2 potions of lignification
 r - 2 potions of brilliance
 z - 2 potions of haste
 A - a potion of berserk rage {unknown}
 B - 2 potions of resistance
 C - a potion of heal wounds
 D - a potion of degeneration {unknown}
 F - 2 potions of cancellation {unknown}
Comestibles
 c - 14 rations


   Skills:
 + Level 6.1 Fighting
 + Level 7.2 Maces & Flails
 + Level 4.8 Armour
 + Level 6.2 Dodging
 - Level 0.3 Stealth


You had 8 spell levels left.
You didn't know any spells.
Your spell library was empty.

Dungeon Overview and Level Annotations

Branches:
Dungeon (6/15)             Temple (1/1) D:5

Altars:
Ashenzari
Cheibriados
Dithmenos
Elyvilon
Fedhas
Gozag
Hepliaklqana
Kikubaaqudgha
Makhleb
Nemelex Xobeh
Okawaru
Qazlal
Ru
Sif Muna
Trog
Uskayaw
Vehumet
Xom
Yredelemnul
Zin
The Shining One

Shops:
D:4 *(   D:5 *   D:6 (


Innate Abilities, Weirdness & Mutations

You are too large for most types of armour.
You have claws for hands.
Your metabolism is lightning-fast.
You like to eat raw meat.
Your natural rate of healing is unusually fast.
You are covered in fur. (AC +1)
You have very tough skin. (AC +2)


Message History

The ooze completely misses you. The slime creature barely misses you.
The slime creature hits you! The jelly hits you but does no damage.
You bludgeon the slime creature!!
The slime creature is severely wounded.
The ooze barely misses you. The slime creature hits you.
The slime creature barely misses you. The jelly closely misses you.
You sock the slime creature! You drain the slime creature!
The slime creature is almost dead.
The ooze closely misses you. The slime creature hits you!!
* * * LOW HITPOINT WARNING * * *
The slime creature hits you!
* * * LOW HITPOINT WARNING * * *
The jelly completely misses you. The ooze hits you but does no damage.
As you read the scroll of teleportation, it crumbles to dust.
You feel strangely unstable. The slime creature hits you.
* * * LOW HITPOINT WARNING * * *
The slime creature closely misses you. The jelly closely misses you.
The ooze completely misses you. The slime creature hits you!
You die...

§≈.........)....##.......######.#
..#.#.###################.......#
.......# ############..######
.##.#..# #........$##........
.##.#..### #.........###.######
...<.#...# #.......÷.###.## #
.##.#..#.#####....÷....##.#.##
.##.#..#....##..JJ....÷#####.####
.......#######..@JJJ..÷# ##....
###.#.....#####'############.####
#.......).# ##..)...###.#.## #
#########.### ########.##...#
.....####.# #....'..#####.#
####.).((.#####...:#### #.#
###..######.##.......# #.#
#...........##.......# #>#
##.#..######.##.......# #.#


You could see 2 slime creatures, 2 jellies and an ooze.

Vanquished Creatures
  Sigmund (D:2)
  Edmund (D:4)
  Menkaure (D:5)
  Duvessa (D:5)
  A black bear (D:5)
  2 ice beasts (D:5)
  2 sky beasts
  An ogre (D:4)
  A phantom (D:2)
  2 centaurs
  3 big kobolds (D:6)
  A water moccasin zombie (Ossuary)
  Dowan (D:5)
  3 scorpions
  4 bullfrog zombies
  An orc priest (D:3)
  2 hounds
  2 jellies
  Jessica (D:2)
  An iguana (D:4)
  8 orc wizards
  6 worker ants
  2 killer bee zombies (Ossuary)
  2 hound zombies (Ossuary)
  14 mummies
  A howler monkey zombie (Ossuary)
  4 worker ant zombies (Ossuary)
  Robin (D:4)
  4 gnolls (D:6)
  10 adders
  5 oozes (D:6)
  An adder zombie (Ossuary)
  3 worms
  3 dart slugs
  5 leopard geckos
  14 orcs
  2 ball pythons
  6 bats
  6 giant cockroaches
  17 goblins
  10 hobgoblins
  9 jackals
  5 quokkas
  2 frilled lizards
  2 jackal zombies (Ossuary)
  11 kobolds
  A leopard gecko zombie (Ossuary)
  2 quokka zombies
  4 rats
192 creatures vanquished.

Vanquished Creatures (others)
  6 fungi (D:6)
  9 toadstools (D:6)
  A withered plant (Ossuary)
16 creatures vanquished.

Grand Total: 208 creatures vanquished

Notes
Turn   | Place    | Note
-------+----------+-------------------------------------------
     0 | D:1      | MiK0 the Troll Berserker began the quest for the Orb.
     0 | D:1      | Reached XP level 1. HP: 22/22 MP: 0/0
   111 | D:2      | Noticed Jessica
   123 | D:2      | Killed Jessica
   123 | D:2      | Reached skill level 3 in Maces & Flails
   123 | D:2      | Reached XP level 2. HP: 19/29 MP: 1/1
   123 | D:2      | Reached XP level 3. HP: 24/36 MP: 2/2
   228 | D:2      | Noticed a phantom
   257 | D:2      | Killed a phantom
   257 | D:2      | Reached XP level 4. HP: 23/45 MP: 3/3
   257 | D:2      | Reached XP level 5. HP: 28/53 MP: 4/4
   625 | D:1      | Reached ** piety under Trog
   810 | D:1      | Reached skill level 4 in Maces & Flails
  1166 | D:2      | Noticed Sigmund
  1182 | D:2      | Killed Sigmund
  1182 | D:2      | Reached XP level 6. HP: 61/61 MP: 5/5
  1613 | D:3      | Noticed a sky beast
  1640 | D:3      | Killed a sky beast
  1640 | D:3      | Reached skill level 1 in Armour
  1827 | D:2      | Reached skill level 5 in Maces & Flails
  1864 | D:2      | Reached XP level 7. HP: 66/68 MP: 6/6
  2174 | D:3      | Reached *** piety under Trog
  2420 | D:3      | Found a white marble altar of Elyvilon.
  2591 | D:3      | Found a shadowy altar of Dithmenos.
  2592 | D:3      | Found a glowing golden altar of the Shining One.
  2696 | D:4      | Found Nufey's Antique Weapon Shop.
  2969 | D:4      | Found Saicav's Assorted Antiques.
  3120 | D:4      | Noticed Edmund
  3146 | D:4      | Killed Edmund
  3414 | D:5      | Entered Level 5 of the Dungeon
  3802 | D:4      | Noticed Robin
  3868 | D:4      | Killed Robin
  4251 | D:4      | Found a glowing silver altar of Zin.
  4443 | D:5      | Found a staircase to the Ecumenical Temple.
  4461 | D:5      | Reached XP level 8. HP: 52/79 MP: 4/7
  4512 | D:5      | Found an opulent altar of Gozag.
  4512 | D:5      | Found Gozag's Platinum Reserve.
  4627 | Temple   | Entered the Ecumenical Temple
  4859 | D:6      | Reached skill level 5 in Dodging
  4861 | D:6      | Reached **** piety under Trog
  4887 | D:6      | Reached skill level 6 in Maces & Flails
  4914 | D:6      | Found a sand-covered staircase.
  4926 | Ossuary  | Entered an ossuary
  5061 | Ossuary  | Reached skill level 5 in Fighting
  5331 | Ossuary  | Received a gift from Trog
  5775 | Ossuary  | Upgraded the game from 0.22-a0-587-g7d32d7c7ae to 0.22-a0-608-g8a62e23f9f
  5828 | D:6      | Found Qitaus's Antique Weapon Shoppe.
  6017 | D:5      | Noticed Dowan
  6031 | D:5      | Killed Dowan
  6031 | D:5      | Reached XP level 9. HP: 81/88 MP: 8/8
  6100 | D:5      | Noticed Duvessa
  6100 | D:5      | Noticed Menkaure
  6117 | D:5      | Killed Duvessa
  6120 | D:5      | Killed Menkaure
  6522 | D:6      | Found a stormy altar of Qazlal.
  6668 | D:6      | Found a deep blue altar of Sif Muna.
  6676 | D:6      | Received a gift from Trog
  6702 | D:6      | Found an ancient bone altar of Kikubaaqudgha.
  6706 | D:6      | Reached skill level 7 in Maces & Flails
  6724 | D:6      | Found a radiant altar of Vehumet.
  6923 | D:6      | Reached ***** piety under Trog
  7632 | D:6      | Slain by a slime creature

Vault maps used:
D:1:      dpeg_arrival_arbitrary_a
D:2:      first_ration, uniq_sigmund, uniq_jessica
D:3:      gammafunk_temple_overflow_pools, lemuel_coloured_pillars_altar
D:4:      cheibrodos_greedy_goblins, nicolae_overflow_hidden_temple,
          serial_shops, shop, nicolae_shop_behind_doors, uniq_edmund, uniq_robin
D:5:      minmay_temple_entry_mist, nicolae_gozag_zags_fifth_avenue,
          uniq_duvessa, uniq_menkaure, uniq_eustachio
D:6:      cheibrodos_fertilizer, palyth_temple_overflow_mages,
          grunt_qazlal_sundering, gup_ossuary_entry_pyramid, serial_shops, shop
Temple:   dshaligram_water_room_temple
Ossuary:  ossuary_zaba_flooded

Skill      XL: |  1  2  3  4  5  6  7  8  9 |
---------------+----------------------------+-----
Maces & Flails | 3 4 5 6 7 |  7.2
Dodging        | 3 4 5 6 |  6.2
Fighting       | 3 4 5 6 |  6.1
Armour         | 1 2 3 4 |  4.8
Stealth        | |  0.3

Action                   |  1- 3 |  4- 6 |  7- 9 || total
-------------------------+-------+-------+-------++-------
Melee: Mace              |    65 |   181 |    84 ||   330
       Flail             |       |       |   436 ||   436
Invok: Berserk           |       |     1 |     3 ||     4
  Use: Scroll            |       |       |    13 ||    13
 Stab: Sleeping          |       |       |     2 ||     2
  Eat: Chunk             |     8 |    16 |    54 ||    78
Armor: Animal skin       |    47 |    99 |   134 ||   280
       Robe              |       |       |    44 ||    44
Dodge: Dodged            |    40 |   157 |   336 ||   533

Table legend:
 A = Spawn XP
 B = Non-spawn XP
 C = Spawn XP percentage of total XP
 D = Spawn monster count
 E = Non-spawn monster count
 F = Spawn count percentage of total count
 G = Total turns spent on level
                    A         B        C        D         E        F      G
               +---------+---------+-------+---------+---------+-------+---------
         Total |       0 |    4445 |   0.0 |       0 |     192 |   0.0 |  7632
               +---------+---------+-------+---------+---------+-------+---------
           D:1 |       0 |      53 |   0.0 |       0 |      24 |   0.0 |   699
           D:2 |       0 |     496 |   0.0 |       0 |      29 |   0.0 |   913
           D:3 |       0 |     229 |   0.0 |       0 |      20 |   0.0 |  1056
           D:4 |       0 |     514 |   0.0 |       0 |      31 |   0.0 |  1755
           D:5 |       0 |    1083 |   0.0 |       0 |      22 |   0.0 |   957
           D:6 |       0 |    1292 |   0.0 |       0 |      35 |   0.0 |  1294
       Ossuary |       0 |     778 |   0.0 |       0 |      31 |   0.0 |   854
               +---------+---------+-------+---------+---------+-------+---------
